 Dungeon Crawl Stone Soup version 0.28-a0-1510-gd0f6b136d3 (webtiles) character file.

Game seed: 864889021209351005

25 croobank the Caller (level 3, -4/21 HPs)
             Began as an Octopode Summoner on Jan 16, 2022.
             Slain by a goblin (6 damage)
             ... led by Robin
             ... on level 1 of the Dungeon.
             The game lasted 00:04:33 (1676 turns).

croobank the Caller (Octopode Summoner)             Turns: 1676, Time: 00:04:33

Health: -4/21      AC:  1    Str:  9    XL:     3   Next: 4%
Magic:  4/6        EV: 13    Int: 17    God:
Gold:   29         SH:  0    Dex: 12    Spells: 3/6 levels left

rFire   . . .      SeeInvis .   i - +0 short sword
rCold   . . .      Faith    .   (no shield)
rNeg    . . .      Spirit   .   (helmet restricted)
rPois   .          Reflect  .   (no amulet)
rElec   .          Harm     .   (no ring)
rCorr   .          Rampage  .   (no ring)
Will    .....                   (no ring)
Stlth   +++.......              (no ring)
HPRegen 0.07/turn               (no ring)
MPRegen 0.10/turn               (no ring)
                                (no ring)
                                (no ring)

@: attractive
A: almost no armour, amphibious, 8 rings, camouflage 1, gelatinous body 1,
(nimble swimmer 1), tentacles
a: no special abilities


You were on level 1 of the Dungeon.
You visited 1 branch of the dungeon, and saw 2 of its levels.

You collected 29 gold pieces.

Inventory:

Hand Weapons
 i - a +0 short sword (weapon)
Missiles
 b - 18 stones
 c - 2 poisoned darts
 d - 4 bolts
 f - 5 atropa-tipped darts (quivered)
 j - 11 sling bullets
Scrolls
 e - a scroll of identify {unknown}
Potions
 g - a potion of brilliance {unknown}
 h - a potion of lignification {unknown}


   Skills:
 + Level 2.4 Dodging
 + Level 3.4 Stealth
 + Level 2.3 Spellcasting
 + Level 4.2 Summonings


You had 3 spell levels left.
You knew the following spells:

 Your Spells              Type           Power      Damage    Failure   Level
a - Summon Small Mammal   Summ           64%        N/A       3%          1
b - Call Imp              Summ           16%        N/A       4%          2

Your spell library contained the following spells:

 Spells                   Type           Power      Damage    Failure   Level
 Call Canine Familiar     Summ           16%        N/A       10%         3
 Foxfire                  Conj/Fire      4%         2x1d4     19%         1
 Summon Guardian Golem    Hex/Summ       9%         N/A       24%         3
 Conjure Flame            Conj/Fire      1%         6-21      50%         3
 Inner Flame              Hex/Fire       1%         N/A       50%         3
 Summon Lightning Spire   Summ/Air       9%         N/A       61%         4
 Flame Wave               Conj/Fire      1%         2d4       88%         4
 Storm Form               Tmut/Air       0%         N/A       100%        7
 Maxwell's Capacitive Co  Air            0%         ∞         100%        8


Dungeon Overview and Level Annotations

Branches:
Dungeon (2/15)

Altars:

Annotations:
D:2 Robin


Innate Abilities, Weirdness & Mutations

You cannot wear most types of armour.
You are amphibious.
You can wear up to eight rings at the same time.
Your skin changes colour to match your surroundings (Stealth+).
Your rubbery body absorbs attacks. (AC +1, EV +1)
((You are camouflaged when in or above water. (Stealth+)))
You have tentacles for arms and can constrict up to eight enemies at once.


Message History

The goblin shouts!
You hear a shout!
The dart slug launches a dart at you. The slug dart hits you.
A hobgoblin comes into view. x2
The goblin moves out of view.
A hobgoblin and a goblin come into view.
The goblin shouts!
The hobgoblin shouts!
A goblin comes into view. It is wielding a +0 club.
The hobgoblin moves out of view.
The goblin moves out of view.
The hobgoblin shouts!
The goblin shouts! x2; You hear a shout!
A hobgoblin comes into view.
Found 3 gold pieces.
The hobgoblin shouts!
The goblin shouts!
Robin of the Strong Arm comes into view.
They are wielding a +0 falchion. 2 goblins come into view.
The goblin hits you with a +0 dagger.
Robin shouts!
Robin says, "My army is invincible!"
Robin roars a battlecry!
The goblins go into a battle-frenzy!
Robin throws the goblin at you! The goblin hits you with a +0 dagger.
The hobgoblin barely misses you.
There is a stone staircase leading up here.
The goblin barely misses you.
You climb upwards.
There is a stone staircase leading down here.
Casting: Summon Small Mammal (safe; 3% risk of failure)
Confirm with . or Enter, or press ? or * to list all spells.
A beastly little devil appears in a puff of flame.
The goblin hits you with a +0 dagger. The hobgoblin hits you!
* * * LOW HITPOINT WARNING * * *
The hobgoblin barely misses you.
Your crimson imp hits the hobgoblin.
Your crimson imp closely misses the hobgoblin.
You barely miss the goblin. Your grab misses the goblin.
Your crimson imp completely misses the hobgoblin.
It was a potion of attraction.
You feel attractive to monsters. The goblin hits you with a +0 dagger.
You die...

.......#
#.......#.#......##....
.......#
#.......#.#......##....
.......#
#.....#.#.#......##....
.......#
#.....#.#.#......##....
.......#
#.....#..........##....
.......#
#.....#..........##....
.......#
#.....##...######......
.......#
#.....##5..#......#....
.......#
#.....@g.>.#.####.###.#
########
######g#######.#......#
#.#8..#.#....#####
#.#^#.#.#....## #
#.#.....##....####
#.....#.##..#.##..
#.....#######.##..
#....†_..# #.....
##....#### ####..


You could see a hobgoblin (strong), a goblin (strong, ally target) and a
friendly crimson imp (summoned).

Vanquished Creatures
  An endoplasm (D:1)
  A giant cockroach (D:1)
  A goblin (D:1)
  2 hobgoblins (D:1)
  A jackal (D:1)
  2 ball pythons (D:1)
  3 bats (D:1)
  2 kobolds (D:1)
  A rat (D:1)
14 creatures vanquished.

Vanquished Creatures (collateral kills)
  2 jackals (D:1)
  A kobold (D:1)
  A ball python (D:1)
  4 bats (D:1)
  A rat (D:1)
9 creatures vanquished.

Grand Total: 23 creatures vanquished

Notes
Turn   | Place    | Note
-------+----------+-------------------------------------------
     0 | D:1      | croobank the Octopode Summoner began the quest for the Orb.
     0 | D:1      | Reached XP level 1. HP: 11/11 MP: 3/3
   300 | D:1      | Reached XP level 2. HP: 10/17 MP: 5/5
   427 | D:1      | Learned a level 2 spell: Call Imp
  1255 | D:1      | Found a faded altar of an unknown god.
  1345 | D:1      | Reached XP level 3. HP: 13/21 MP: 4/6
  1657 | D:2      | Noticed Robin
  1676 | D:1      | Slain by a goblin

Illustrated notes

Levels and vault maps discovered:
D:1:      lightli_arrival_quake, layout_basic,
          shapermc_ecumenical_altar_mp_highgroup, minmay_close_crescents
D:2:      layout_rooms, serial_shops, nicolae_shop_advertising_works
          [nicolae_subvault_shop_adworks], minmay_worlds_worst_comb, uniq_robin,
          uniq_crazy_yiuf_cottage, uniq_sigmund

Skill      XL: |  1 |
---------------+----+-----
Stealth        | 3 |  3.4
Dodging        | |  2.4
Spellcasting   | |  2.3
Summonings     | |  4.2

Action                   || total
-------------------------++-------
Melee: Unarmed           ||    58
       Constrict         ||    14
       Tentacles         ||    10
       Punch             ||     1
       Short sword       ||     1
Throw: Dart              ||     1
 Cast: Summon Small Mamm ||    12
       Call Imp          ||     5
  Use: Potion            ||     1
 Stab: Sleeping          ||     4
Armor: Skin              ||    10
Dodge: Dodged            ||    62

Table legend: (Time is in decaauts)
 A = Elapsed time spent in this place.
 B = Non-inter-level travel time spent in this place.
 C = Inter-level travel time spent in this place.
 D = Time resting spent in this place.
 E = Time spent auto-exploring this place.
 F = Levels seen in this place.
 G = Mean time per level.
                   A        B        C        D        E       F      G
               +--------+--------+--------+--------+--------+-----+--------+
         Total |   1675 |   1618 |     57 |    499 |    841 |   2 |  837.5 |
       Dungeon |   1675 |   1618 |     57 |    499 |    841 |   2 |  837.5 |
               +--------+--------+--------+--------+--------+-----+--------+

Top non-repeatable levels by time:
     D:1: 1653 daAuts
     D:2: 22 daAuts
